 Dungeon Crawl Stone Soup version 0.24-a0-279-ga7546fe674 (webtiles) character file.

Game seed: 11105661451131044729

541 HAL9000 the Sneak (level 7, -10/35 HPs)
             Began as a Vine Stalker Assassin on May 1, 2019.
             Mangled by an orc wizard
             ... wielding a +1 dagger of electrocution
              (15 damage)
             ... on level 4 of the Dungeon.
             The game lasted 00:06:28 (3626 turns).

HAL9000 the Sneak (Vine Stalker Assassin)           Turns: 3626, Time: 00:06:29

Health: -10/35     AC:  5    Str: 15    XL:     7   Next: 26%
Magic:  0/8        EV: 13    Int: 12    God:
Gold:   145        SH:  0    Dex: 15    Spells: 6/6 levels left

rFire    . . .     SeeInvis .   a - +2 dagger
rCold    . . .     Gourm    .   (no shield)
rNeg     . . .     Faith    .   c - +0 robe
rPois    .         Spirit   +   (no helmet)
rElec    .         Reflect  .   d - +0 cloak
rCorr    .         Harm     .   (no gloves)
MR       .....                  (no boots)
Stlth    ++++......             (no amulet)
HPRegen  0.51/turn              h - +1 ring of evasion
MPRegen  0.11/turn              t - +2 ring of protection

@: no status effects
A: fangs 2, regeneration 1, magic shield, antimagic bite, no potion heal 3, rot
immunity
a: no special abilities


You were on level 4 of the Dungeon.
You were hungry.

You visited 2 branches of the dungeon, and saw 5 of its levels.

You collected 145 gold pieces.

Inventory:

Hand Weapons
 a - a +2 dagger (weapon)
 b - a +0 blowgun
 s - a +0 rapier
Missiles
 e - 8 poisoned needles
 f - 7 tomahawks (quivered)
 u - 2 curare-tipped needles
Armour
 c - a +0 robe (worn)
 d - a +0 cloak (worn)
Jewellery
 h - a +1 ring of evasion (left hand)
 t - a +2 ring of protection (right hand)
Scrolls
 i - 2 scrolls of blinking {unknown}
 k - 2 scrolls of amnesia {unknown}
 n - 4 scrolls of remove curse
 o - 2 scrolls of noise {unknown}
 p - a scroll of magic mapping {unknown}
 r - a scroll of enchant armour {unknown}
 v - a scroll of fear {unknown}
Potions
 j - 4 potions of curing {unknown}
 l - 2 potions of agility {unknown}
 m - a potion of flight
 q - 3 potions of cancellation {unknown}
Comestibles
 g - 12 rations


   Skills:
 - Level 2.4 Fighting
 + Level 4.9 Short Blades
 - Level 2.0 Throwing
 - Level 1.5 Dodging
 + Level 7.8 Stealth


You had 6 spell levels left.
You didn't know any spells.
Your spell library was empty.

Dungeon Overview and Level Annotations

Branches:
Dungeon (4/15)             Temple (1/1) D:4

Altars:
Ashenzari
Cheibriados
Dithmenos
Elyvilon
Fedhas
Gozag
Hepliaklqana
Makhleb
Nemelex Xobeh
Qazlal
Ru
Sif Muna
Uskayaw
Wu Jian
Xom
Zin
The Shining One


Innate Abilities, Weirdness & Mutations

You have extremely sharp teeth.
Your natural rate of healing is unusually fast.
When hurt, damage is shared between your health and your magic reserves.
Your bite disrupts and absorbs the magic of your enemies.
Potions cannot restore your health.
You are immune to rotting.


Message History

The orc wizard hits you with a +1 dagger of electrocution.
You are electrocuted!!
You are too injured to fight recklessly!
You are too injured to fight recklessly!
You are too injured to fight recklessly!
Unknown command.
The orc wizard misses you.
The orc wizard gestures wildly while chanting.
The orc wizard blinks!
There is an open door here.
The orc wizard gestures wildly while chanting.
The orc wizard blinks!
The orc priest calls down the wrath of Beogh upon you.
Beogh smites you!
* * * LOW HITPOINT WARNING * * *
Okay, then.
The orc wizard misses you.
The orc wizard hits you but does no damage.
You are electrocuted!
You die...

#.#.......#######
#.#.......'.....#
#.#....PPo#.....#
#.#.###.#...PPPP....####
.............P_P....'.>#
.....|#.#.#+.P.Po...####
#.##..#.#.#..P.Po...#
#.....#.#.#....o..###
......#.#.#..§.^@##
.#....#.#.#..§.≈.#
_.....#.#.#.#§_.^###
.#.<..#..<#.#.≈≈...#
......###.#..^§^...#
....#.....#........#
....#..####(.......#
...................#
...###....#........#


You could see an orc priest, an orc wizard and 2 orcs.

Vanquished Creatures
  Eustachio (D:3)
  A scorpion (D:3)
  2 howler monkeys (D:4)
  A hound (D:4)
  An orc wizard (D:4)
  A worker ant (D:4)
  A gnoll (D:1)
  8 adders
  An ooze (D:2)
  A worm (D:3)
  5 dart slugs
  2 leopard geckos (D:4)
  11 orcs
  6 bats
  4 giant cockroaches
  7 goblins
  7 hobgoblins
  2 ball pythons (D:2)
  6 frilled lizards
  12 kobolds
  A leopard gecko skeleton (D:4)
  10 rats
91 creatures vanquished.

Notes
Turn   | Place    | Note
-------+----------+-------------------------------------------
     0 | D:1      | HAL9000 the Vine Stalker Assassin began the quest for the
                  | Orb.
     0 | D:1      | Reached XP level 1. HP: 11/11 MP: 2/2
    62 | D:1      | Reached skill level 5 in Stealth
   162 | D:1      | Reached XP level 2. HP: 5/15 MP: 1/3
   548 | D:1      | Reached XP level 3. HP: 17/18 MP: 4/4
  1193 | D:2      | Reached skill level 1 in Dodging
  1265 | D:2      | Found a faded altar of an unknown god.
  1489 | D:2      | Reached skill level 6 in Stealth
  1500 | D:2      | Gained mutation: Your natural rate of healing is unusually
                  | fast. [Vine Stalker growth]
  1500 | D:2      | Reached XP level 4. HP: 21/23 MP: 5/5
  1609 | D:2      | Found a snail-covered altar of Cheibriados.
  2275 | D:3      | Reached XP level 5. HP: 23/26 MP: 6/6
  2597 | D:3      | Found an ornate altar of the Wu Jian Council.
  2615 | D:3      | Found a shattered altar of Ashenzari.
  2770 | D:4      | Found a shadowy altar of Dithmenos.
  2771 | D:4      | Noticed Eustachio
  2912 | D:3      | Killed Eustachio
  2912 | D:3      | Reached skill level 7 in Stealth
  2912 | D:3      | Reached XP level 6. HP: 31/32 MP: 7/7
  3124 | D:4      | Reached XP level 7. HP: 14/35 MP: 6/8
  3269 | D:4      | Found a staircase to the Ecumenical Temple.
  3278 | Temple   | Entered the Ecumenical Temple
  3562 | D:4      | Found a stormy altar of Qazlal.
  3578 | D:4      | Found a blossoming altar of Fedhas.
  3626 | D:4      | Mangled by an orc wizard

Levels and vault maps discovered:
D:1:      kilobyte_arrival_exit_the_forest, layout_rooms, kennysheep_doodads,
          minmay_pentomino_x4
D:2:      layout_loops_ring, chequers_ecumenical_altar_lobes, first_ration,
          kennysheep_slug_shrine
D:3:      layout_basic, nicolae_overflow_hidden_temple, marbit_many_paths,
          hangedman_decor_diamond_cutter
D:4:      layout_basic, grunt_temple_overflow_forces_of_nature,
          lemuel_crystal_altar, minmay_temple_entry_drinking_statues,
          uniq_eustachio
Temple:   minmay_temple_curvy_loop

Skill      XL: |  1  2  3  4  5 |
---------------+----------------+-----
Stealth        | 5 6 7 |  7.8
Short Blades   | 2 4 |  4.9
Fighting       | 2 |  2.4
Dodging        | 1 |  1.5
Throwing       | 2 |  2.0

Action                   |  1- 3 |  4- 6 |  7- 9 || total
-------------------------+-------+-------+-------++-------
Melee: Dagger            |    95 |   176 |    42 ||   313
       Bite              |    23 |    48 |    12 ||    83
 Fire: Blowgun           |     1 |     6 |       ||     7
  Use: Potion            |     1 |       |       ||     1
       Scroll            |       |     1 |       ||     1
 Stab: Sleeping          |     9 |     8 |     1 ||    18
  Eat: Chunk             |     1 |     6 |     1 ||     8
Armor: Robe              |    21 |    41 |     6 ||    68
Dodge: Dodged            |    54 |   106 |    30 ||   190

Table legend:
 A = Non-vault XP
 B = Vault XP
 C = Vault XP percentage of total XP
 D = Non-vault monster count
 E = Vault monster count
 F = Vault count percentage of total count
                 A         B        C        D         E       F
            +---------+---------+-------+---------+---------+-------
      Total |     559 |     215 |  27.8 |      86 |       5 |   5.5
            +---------+---------+-------+---------+---------+-------
        D:1 |      51 |       4 |   7.3 |      25 |       2 |   7.4
        D:2 |      62 |       4 |   6.1 |      21 |       1 |   4.5
        D:3 |     144 |     207 |  59.0 |      21 |       2 |   8.7
        D:4 |     302 |       0 |   0.0 |      19 |       0 |   0.0
            +---------+---------+-------+---------+---------+-------
